 Dungeon Crawl Stone Soup version 0.27-a0-760-gc38aae387d (webtiles) character file.

Game seed: 3581884255315997737

210 tsouns the Skirmisher (level 5, -3/61 HPs)
             Began as a Djinni Berserker on Mar 24, 2021.
             Was a Believer of Trog.
             Slain by a gnoll
             ... wielding a +0 halberd
              (7 damage)
             ... on level 3 of the Dungeon.
             The game lasted 00:03:18 (2888 turns).

tsouns the Skirmisher (Djinni Berserker)            Turns: 2888, Time: 00:03:18

Health: -3/61      AC:  5    Str: 16    XL:     5   Next: 88%
Gold:   64         EV: 13    Int: 10    God:    Trog [**....] SH:  0 Dex: 12

rFire    + + .     SeeInvis .   h - +0 long sword
rCold    x . .     Faith    .   (no shield)
rNeg     . . .     Spirit   .   b - +0 animal skin
rPois    ∞         Reflect  .   l - +0 helmet
rElec    .         Harm     .   k - +1 cloak
rCorr    .         Rampage  .   (no gloves)
Will     .....                  (boots unavailable)
Stlth    ..........             (no amulet)
HPRegen  0.20/turn              (no ring)
MPRegen  0.00/turn              (no ring)

@: berserking (expiring), flying, very quick
A: fire resistance 2, cold vulnerability 1, float, innate caster, hp casting,
extra vitality 1
a: Renounce Religion, Berserk, Trog's Hand


You were on level 3 of the Dungeon.
You worshipped Trog.
Trog was pleased with you.
You visited 1 branch of the dungeon, and saw 3 of its levels.

You collected 64 gold pieces.

Inventory:

Hand Weapons
 a - a +0 falchion
 h - a +0 long sword (weapon)
Armour
 b - a +0 animal skin (worn)
 k - a +1 cloak (worn)
 l - a +0 helmet (worn)
Jewellery
 d - a +6 ring of strength
Scrolls
 c - 2 scrolls of identify {unknown}
 e - a scroll of noise {unknown}
 g - 2 scrolls of amnesia {unknown}
 j - a scroll of teleportation {unknown}
Potions
 f - 2 potions of heal wounds {unknown}
 i - 2 potions of curing


   Skills:
 + Level 4.0 Fighting
 + Level 3.7 Long Blades
 + Level 3.3 Armour
 + Level 3.7 Dodging


You had one spell level left.
You knew the following spells:

 Your Spells              Type           Power      Damage    Failure   Level
a - Shock                 Conj/Air       0%         1d3       36%         1
b - Blink                 Tloc           N/A        N/A       50%         2
Your spell library was empty.

Dungeon Overview and Level Annotations

Branches:
Dungeon (3/15)

Altars:


Innate Abilities, Weirdness & Mutations

You are immune to poison.
Your flesh is very heat resistant. (rF++)
You are vulnerable to cold. (rC-)
You float through the air rather than walking.
You learn spells naturally, not from books.
Your magical power is your life essence.
You have superior vitality. (+4 HP)


Message History

You are too injured to fight recklessly!
You are too injured to fight recklessly!
You are too injured to fight recklessly!
You are too injured to fight recklessly!
You are too injured to fight recklessly!
You are too injured to fight recklessly!
You are too injured to fight recklessly!
You are too injured to fight recklessly!
You are too injured to fight recklessly!
You are too injured to fight recklessly!
You are too injured to fight recklessly!
You are too injured to fight recklessly!
You are too injured to fight recklessly!
You are too injured to fight recklessly!
You are too injured to fight recklessly!
You are too injured to fight recklessly!
You are too injured to fight recklessly!
You hit the gnoll.
The gnoll is moderately wounded.
The gnoll misses you.
A red film seems to cover your vision as you go berserk!
You feel yourself moving faster!
You feel mighty! The gnoll hits you with a +0 halberd!
You slash the gnoll!
You kill the gnoll!
Trog accepts your kill.
You barely miss the gnoll. The gnoll hits you with a +0 whip!
* * * LOW HITPOINT WARNING * * *
The gnoll hits you from afar with a +0 halberd.
* * * LOW HITPOINT WARNING * * *
You barely miss the gnoll. The gnoll closely misses you.
The gnoll hits you from afar with a +0 halberd!
* * * LOW HITPOINT WARNING * * *
You slash the gnoll!
The gnoll is severely wounded.
You slash the gnoll!
You kill the gnoll!
Trog accepts your kill.
The gnoll hits you from afar with a +0 halberd!
You die...

#.... ...## ....# #..
....# #.# #.#.# #.#
#g#.# #.# #)#.# #.#
#@#.# #.#
#######.#.#####.#
........#.......#######.
######...####....)....#.
......#......#######.#.
#####...###### ##.#.
...## ########.... #.#.
............ #.##
########....


You could see a gnoll.

Vanquished Creatures
  A bullfrog (D:2)
  Crazy Yiuf (D:2)
  Robin (D:3)
  7 gnolls
  A worm (D:3)
  A dart slug (D:2)
  6 ball pythons
  2 bats (D:1)
  5 endoplasms (D:1)
  2 giant cockroaches (D:1)
  7 goblins
  8 hobgoblins
  3 kobolds (D:1)
  3 frilled lizards (D:1)
  3 rats
51 creatures vanquished.

Vanquished Creatures (others)
  A fungus (D:2)
1 creature vanquished.

Grand Total: 52 creatures vanquished

Notes
Turn   | Place    | Note
-------+----------+-------------------------------------------
     0 | D:1      | tsouns the Djinni Berserker began the quest for the Orb.
     0 | D:1      | Reached XP level 1. HP: 20/20 MP: 0/0
   209 | D:1      | Reached XP level 2. HP: 25/25 MP: 0/0
   574 | D:1      | Reached ** piety under Trog
   866 | D:1      | Reached XP level 3. HP: 30/30 MP: 0/0
   866 | D:1      | Learned a level 1 spell: Shock
  1473 | D:2      | Reached XP level 4. HP: 35/35 MP: 0/0
  2018 | D:2      | Noticed a bullfrog
  2025 | D:2      | Killed a bullfrog
  2026 | D:2      | Reached XP level 5. HP: 4/41 MP: 0/0
  2026 | D:2      | Learned a level 2 spell: Blink
  2533 | D:2      | Found a runed translucent door.
  2534 | D:2      | Noticed Crazy Yiuf
  2544 | D:2      | Killed Crazy Yiuf
  2648 | D:3      | Noticed Robin
  2666 | D:3      | Killed Robin
  2868 | D:3      | Reached skill level 4 in Fighting
  2888 | D:3      | Slain by a gnoll

Illustrated notes

Levels and vault maps discovered:
D:1:      minmay_arrival_loop, layout_loops_ring
D:2:      layout_loops_ring, uniq_crazy_yiuf_cottage
D:3:      layout_loops_ring, nicolae_overflow_hidden_temple,
          grunt_decor_resistance, uniq_robin, uniq_terence

Skill      XL: |  1  2  3  4  5 |
---------------+----------------+-----
Long Blades    | 3 |  3.7
Dodging        | 3 |  3.7
Armour         | 3 |  3.3
Fighting       | 4 |  4.0

Action                   |  1- 3 |  4- 6 || total
-------------------------+-------+-------++-------
Melee: Falchion          |    59 |       ||    59
       Long sword        |    15 |    69 ||    84
Invok: Berserk           |     3 |     3 ||     6
 Stab: Sleeping          |     1 |     2 ||     3
Armor: Animal skin       |     9 |     9 ||    18
Dodge: Dodged            |    43 |    46 ||    89
       Rpst.: Falchion   |    11 |       ||    11
       Long sword        |     2 |     7 ||     9

Table legend: (Time is in decaauts)
 A = Elapsed time spent in this place.
 B = Non-inter-level travel time spent in this place.
 C = Inter-level travel time spent in this place.
 D = Time resting spent in this place.
 E = Time spent auto-exploring this place.
 F = Levels seen in this place.
 G = Mean time per level.
                   A        B        C        D        E       F      G
               +--------+--------+--------+--------+--------+-----+--------+
         Total |   2956 |   2908 |     48 |      0 |   2526 |   3 |  985.3 |
       Dungeon |   2956 |   2908 |     48 |      0 |   2526 |   3 |  985.3 |
               +--------+--------+--------+--------+--------+-----+--------+

Top non-repeatable levels by time:
     D:1: 1441 daAuts
     D:2: 1211 daAuts
     D:3: 303 daAuts
